 Dungeon Crawl Stone Soup version 0.29-a0-371-g91724d5b39 (webtiles) character file.

Game seed: 9867793065339424591

105 Artihs the Covered (level 4, 0/40 HPs)
             Began as a Minotaur Fighter on May 2, 2022.
             Slain by an orc
             ... wielding a +0 falchion
              (2 damage)
             ... on level 3 of the Dungeon on May 3, 2022.
             The game lasted 00:08:14 (1963 turns).

Artihs the Covered (Minotaur Fighter)               Turns: 1963, Time: 00:08:15

Health: 0/40       AC:  9    Str: 23    XL:     4   Next: 53%
Magic:  3/3        EV: 12    Int:  5    God:
Gold:   36         SH:  4    Dex:  9    Spells: 3/3 levels left

rFire   . . .      SeeInvis +   f - +0 mace
rCold   . . .      Faith    .   c - +0 buckler
rNeg    . . .      Spirit   .   p - +0 chain mail
rPois   .          Reflect  .   (helmet restricted)
rElec   .          Harm     .   (no cloak)
rCorr   .          Rampage  .   (no gloves)
Will    .....                   (no boots)
Stlth   ..........              (no amulet)
HPRegen 0.13/turn               o - ring of see invisible
MPRegen 0.08/turn               q - +4 ring of evasion

@: no status effects
A: horns 2, retaliatory headbutt
a: no special abilities


You were on level 3 of the Dungeon.
You visited 1 branch of the dungeon, and saw 3 of its levels.

You collected 36 gold pieces.

Inventory:

Hand Weapons
 a - a +0 long sword
 f - a +0 mace (weapon)
Missiles
 n - 5 silver boomerangs (quivered)
 r - 5 boomerangs
 t - 6 curare-tipped darts
Armour
 b - a +0 scale mail
 c - a +0 buckler (worn)
 p - a +0 chain mail (worn)
Jewellery
 o - a ring of see invisible (left hand)
 q - a +4 ring of evasion (right hand)
Scrolls
 e - 2 scrolls of noise {unknown}
 i - 3 scrolls of identify {unknown}
 s - a scroll of holy word {unknown}
 w - a scroll of teleportation {unknown}
Potions
 d - 2 potions of might
 g - a potion of flight {unknown}
 j - a potion of degeneration {unknown}
 k - 2 potions of curing {unknown}
 l - a potion of ambrosia {unknown}
 m - 2 potions of magic {unknown}
 u - a potion of heal wounds {unknown}
 v - a potion of cancellation {unknown}


   Skills:
 + Level 4.2 Fighting
 - Level 3.1 Long Blades
 * Level 1.1 Maces & Flails
 + Level 0.4 Throwing
 + Level 4.3 Armour
 + Level 1.7 Dodging
 + Level 4.2 Shields


You had 3 spell levels left.
You didn't know any spells.
Your spell library contained the following spells:

 Spells                   Type           Power      Damage    Failure   Level
 Conjure Flame            Conj/Fire      0%         6-21      100%        3
 Ignite Poison            Fire/Tmut/Pois 0%         N/A       100%        3
 Sticky Flame             Conj/Fire      0%         2d3       100%        4


Dungeon Overview and Level Annotations

Branches:
Dungeon (3/15)

Altars:


Innate Abilities, Weirdness & Mutations

You have a pair of horns on your head.
You reflexively headbutt those who attack you in melee.


Message History

Aim: an orc, wielding a +0 hand axe (56% to hit)
You throw a silver boomerang. The silver boomerang hits the orc.
The orc is heavily wounded.
You feel sick. The orc misses you. The orc closely misses you.
You hit the orc but do no damage.
The orc is heavily wounded.
You feel sick. You block the orc's attack.
You barely miss the orc. You headbutt the orc.
You kill the orc!
You feel sick.
You are too injured to fight recklessly!
Throw: 5 boomerangs (silver)
Press: ? - help, Q - select action, (/) - cycle Shift-Dir - straight line, f - orc
Aim: an orc, wielding a +0 falchion and wearing a +0 leather armour (56% to hit)
You throw a silver boomerang.
The silver boomerang closely misses the orc.
You feel sick.
You are no longer poisoned.
The orc barely misses you. The orc closely misses you. You furiously retaliate!
You headbutt the orc, but do no damage. You hit the orc but do no damage.
Your headbutt misses the orc. The orc closely misses you.
You completely miss the orc. The orc hits you with a +0 falchion.
* * * LOW HITPOINT WARNING * * *
The orc hits you but does no damage.
You hit the orc.
The orc is moderately wounded.
The orc hits you with a +0 falchion.
* * * LOW HITPOINT WARNING * * *
You barely miss the orc.
The orc is moderately wounded.
The orc hits you with a +0 falchion.
* * * LOW HITPOINT WARNING * * *
You hit the orc.
The orc is heavily wounded.
The orc closely misses you. The orc barely misses you.
You barely miss the orc.
The orc is moderately wounded.
The orc hits you with a +0 falchion.
You die...

#.##.....## ###.#
#.#.......## ##.#.#
#..........####....####
###........+...........
##.......####....####
#......## ##.....#
##....## #.#.#.# #...##
#.#.#.# ##@## #.#.. #
#o# #.##. #.# . #(# ..
... .$. ... #.(..


You could see an orc.

Vanquished Creatures
  An orc wizard (D:3)
  2 adders (D:2)
  2 dart slugs
  3 orcs (D:3)
  7 ball pythons
  2 endoplasms
  A giant cockroach (D:2)
  5 goblins
  4 hobgoblins
  4 jackals (D:2)
  3 quokkas
  7 bats
  7 kobolds
  4 rats
52 creatures vanquished.

Notes
Turn   | Place    | Note
-------+----------+-------------------------------------------
     0 | D:1      | Artihs the Minotaur Fighter began the quest for the Orb.
     0 | D:1      | Reached XP level 1. HP: 19/19 MP: 0/0
   385 | D:1      | Reached XP level 2. HP: 27/27 MP: 1/1
   910 | D:2      | Reached skill level 1 in Dodging
   961 | D:2      | Reached XP level 3. HP: 31/33 MP: 2/2
  1753 | D:3      | Reached XP level 4. HP: 40/40 MP: 3/3
  1952 | D:3      | Reached skill level 1 in Maces & Flails
  1960 | D:3      | HP: 2/40 [orc/+0 falchion (5)]
  1963 | D:3      | Slain by an orc

Illustrated notes

Levels and vault maps discovered:
D:1:      wheals_arrival_shading, layout_basic, serial_forest,
          infiniplex_forest_corner_1, infiniplex_forest_corner_2,
          infiniplex_forest_end_2, infiniplex_forest_straight_2,
          infiniplex_forest_join, infiniplex_forest_clump_tiny,
          infiniplex_forest_corner_1, dreamdust_mushroom_princess
D:2:      layout_basic, eino_tiny_chamber, moated_statue, minmay_statues_item,
          minmay_tetromino_i2
D:3:      layout_loops_corners, basic_ecumenical_altar,
          nicolae_underground_beach

Skill      XL: |  1  2  3  4 |
---------------+-------------+-----
Dodging        | 1 |  1.7
Fighting       | 4 |  4.2
Armour         | 4 |  4.3
Shields        | 4 |  4.2
Long Blades    | 3 |  3.1
Maces & Flails | 1 |  1.1
Throwing       | |  0.4

Action                   |  1- 3 |  4- 6 || total
-------------------------+-------+-------++-------
Melee: Mace              |   111 |    24 ||   135
       Headbutt          |     9 |     2 ||    11
Throw: Dart              |     9 |    13 ||    22
       Boomerang         |       |     8 ||     8
Armor: Scale mail        |    73 |       ||    73
       Chain mail        |     3 |     9 ||    12
Dodge: Dodged            |    72 |    16 ||    88
Block: Buckler           |    33 |     5 ||    38

Table legend: (Time is in decaauts)
 A = Elapsed time spent in this place.
 B = Non-inter-level travel time spent in this place.
 C = Inter-level travel time spent in this place.
 D = Time resting spent in this place.
 E = Time spent auto-exploring this place.
 F = Levels seen in this place.
 G = Mean time per level.
                   A        B        C        D        E       F      G
               +--------+--------+--------+--------+--------+-----+--------+
         Total |   2022 |   1936 |     86 |      0 |   1511 |   3 |  674.0 |
       Dungeon |   2022 |   1936 |     86 |      0 |   1511 |   3 |  674.0 |
               +--------+--------+--------+--------+--------+-----+--------+

Top non-repeatable levels by time:
     D:2: 855 daAuts
     D:1: 855 daAuts
     D:3: 312 daAuts
